 Dungeon Crawl Stone Soup version 0.29.0-5-ge4962eb29e (webtiles) character file.

Game seed: 12949195057105196140

5646 Fv001 the Cleaver (level 10, -3/77 HPs)
             Began as a Demonspawn Fighter on Aug 27, 2022.
             Was a Follower of Qazlal.
             Slain by an orc warrior
             ... wielding a +0 glaive
              (11 damage)
             ... in a bailey on Aug 28, 2022.
             The game lasted 00:33:09 (9005 turns).

Fv001 the Cleaver (Demonspawn Fighter)              Turns: 9005, Time: 00:33:09

Health: -3/77      AC: 24    Str: 25    XL:     10   Next: 46%
Magic:  10/10      EV:  4    Int: 15    God:    Qazlal [*.....]
Gold:   317        SH: 11    Dex: 13    Spells: 9/9 levels left

rFire   . . .      SeeInvis .   a - +2 war axe
rCold   x . .      Faith    .   c - +0 buckler
rNeg    . . .      Spirit   .   d - +0 crystal plate armour
rPois   +          Reflect  .   n - +0 helmet
rElec   +          Harm     .   y - +0 cloak
rCorr   +          Rampage  .   o - +0 pair of gloves
Will    .....                   (no boots)
Stlth   ..........              (no amulet)
HPRegen 0.22/turn               i - ring of Ziduph {rElec rPois rC- rCorr Str+4}
MPRegen 0.12/turn               x - +6 ring of intelligence

@: no status effects
A: hooves 2, thin metallic scales 1, foul stench 1, condensation shield
a: Renounce Religion


You were in a bailey.
You worshipped Qazlal.
Qazlal was aware of your devotion.
You visited 2 branches of the dungeon, and saw 9 of its levels.
You also visited: Bailey.

You collected 317 gold pieces.

Inventory:

Hand Weapons
 a - a +2 war axe (weapon)
 b - a +0 morningstar
Armour
 c - a +0 buckler (worn)
 d - a +0 crystal plate armour (worn)
 n - a +0 helmet (worn)
 o - a +0 pair of gloves (worn)
 y - a +0 cloak (worn)
Jewellery
 g - a ring of positive energy
 i - the ring of Ziduph (left hand) {rElec rPois rC- rCorr Str+4}
   (You acquired it on level 2 of the Dungeon)

   [ring of resist corrosion]

   Str:       It affects your strength (+4).
   rC:        It makes you vulnerable to cold.
   rElec:     It insulates you from electricity.
   rPois:     It protects you from poison.
   rCorr:     It protects you from acid and corrosion.
 s - a ring of resist corrosion
 x - a +6 ring of intelligence (right hand)
Wands
 m - a wand of quicksilver (14)
 u - a wand of roots (3)
 v - a wand of mindburst (14)
Scrolls
 q - a scroll of fog
 r - a scroll of amnesia {unknown}
 t - a scroll of blinking
 w - a scroll of teleportation {unknown}
Potions
 e - 3 potions of flight
 h - 3 potions of curing
 l - a potion of magic
 p - a potion of lignification {unknown}
 z - a potion of brilliance {unknown}
 A - a potion of haste {unknown}
 B - 2 potions of mutation


   Skills:
 + Level 6.4 Fighting
 + Level 10.0 Axes
 + Level 6.7 Armour
 + Level 1.7 Dodging
 + Level 2.3 Stealth
 + Level 6.4 Shields
 + Level 1.4 Evocations


You had 9 spell levels left.
You didn't know any spells.
Your spell library contained the following spells:

 Spells                   Type           Power      Damage    Failure   Level
 Portal Projectile        Hex/Tloc       0%         N/A       100%        3
 Tukima's Dance           Hex            0%         N/A       100%        3
 Blade Hands              Tmut           0%         N/A       100%        5


Dungeon Overview and Level Annotations

Branches:
Dungeon (8/15)             Temple (1/1) D:7          Bailey (1/1)
   Lair: D:8-11

Altars:
Fedhas
Kikubaaqudgha
Makhleb
Nemelex Xobeh
Qazlal
Trog
Uskayaw


Innate Abilities, Weirdness & Mutations

You have hoof-like feet.
You are partially covered in thin metallic scales. (AC +2)
You may rarely emit foul miasma when damaged in melee.
A meltable shield of frost defends you. (SH +4)


Message History

You block the orc knight's attack.
The orc warrior hits you from afar with a +0 glaive!
The grasping roots constrict the orc knight.
The grasping roots constrict the orc warrior.
The roots release their grip on the orc warrior.
You block the orc knight's attack.
The orc warrior hits you with a +0 glaive!
* * * LOW HITPOINT WARNING * * *
There is an open door, spattered with blood here.
Things that are here:
a +0 halberd; a +0 ring mail; an orc corpse You hit the orc knight but do no damage.
The orc knight is moderately wounded.
You hit the orc warrior but do no damage.
The grasping roots constrict the orc knight.
The roots release their grip on the orc knight.
You block the orc knight's attack. You block the orc warrior's attack.
You feel better.
The orc knight hits you with a +4 trident.
The orc warrior completely misses you.
You feel better.
The orc knight hits you with a +4 trident!!
* * * LOW HITPOINT WARNING * * *
You emit a cloud of foul miasma!
You block the orc warrior's attack.
There is an open door, spattered with blood here.
Things that are here:
a +0 halberd; a +0 ring mail; an orc corpse Blink to where?
Press: ? - help, Dir - move target, p - orc knight
Okay, then.
The orc warrior attacks as you move away!
You block the orc warrior's attack.
The orc knight is engulfed in dark miasma.
The orc knight is poisoned.
The orc knight seems to slow down.
The orc knight hits you from afar with a +4 trident.
* * * LOW HITPOINT WARNING * * *
You block the orc warrior's attack.
There is a gate leading back out of this place here.
The orc warrior hits you from afar with a +0 glaive!
You die...

..........##.......##............
.........##..#'#'#..##...........
.........#..##.#)##..#...........
........##.#########.##..........
........##.')#).?#['.##..........
........##.###.8.###.##..........
........##.')#oo.#.'.##..........
........##.####○####.##..........
........##..##∩:@##..#...........
............##'''#..##...........
............##.....##............
..≈≈.≈≈≈....##....##...≈≈≈.≈≈....
.≈≈#.##≈....#######....≈##.#≈≈...
.≈##)∩#≈...............≈#∩.##≈...
.≈#.)...................))).#≈...
.≈##.##≈...............≈##.##≈...
.≈ ###≈≈...............≈≈###≈≈...


You could see an orc knight (poisoned, slow) and an orc warrior (strong).

Vanquished Creatures
  Pikel (D:6)
  An orc knight (Bailey)
  2 kobold demonologists (D:5)
  2 steam dragons
  Menkaure (D:6)
  2 water moccasins
  Duvessa (D:5)
  9 orc warriors
  A black bear (D:7)
  4 ogres
  A lemure (D:6)
  A phantom (D:7)
  A kobold brigand (D:5)
  3 bullfrogs
  Blork the orc (D:6)
  3 necrophages
  A gnoll sergeant (D:5)
  6 scorpions
  A wight (D:7)
  Dowan (D:5)
  3 killer bees (D:7)
  3 electric eels (D:7)
  A howler monkey (D:7)
  4 hounds
  2 orc priests
  Crazy Yiuf (D:7)
  4 iguanas
  A jelly (D:6)
  A gnoll bouda (D:7)
  4 orc wizards
  14 adders
  11 gnolls
  3 white imps
  2 ufetubi
  7 worms
  3 dart slugs (D:1)
  34 orcs
  12 ball pythons
  15 endoplasms
  3 giant cockroaches
  3 goblins
  5 hobgoblins
  2 jackals (D:2)
  13 kobolds
  5 quokkas
  6 bats
  2 frilled lizards
  7 rats
214 creatures vanquished.

Vanquished Creatures (others)
  A gnoll (D:5)
  11 plants (D:7)
12 creatures vanquished.

Grand Total: 226 creatures vanquished

Notes
Turn   | Place    | Note
-------+----------+-------------------------------------------
     0 | D:1      | Fv001 the Demonspawn Fighter began the quest for the Orb.
     0 | D:1      | Reached XP level 1. HP: 18/18 MP: 1/1
   275 | D:1      | Gained mutation: You may rarely emit foul miasma when
                  | damaged in melee. [demonic ancestry]
   275 | D:1      | Reached XP level 2. HP: 23/24 MP: 2/2
   408 | D:1      | Reached skill level 2 in Axes
   561 | D:1      | Gained mutation: A meltable shield of frost defends you.
                  | (SH +4) [demonic ancestry]
   561 | D:1      | Reached XP level 3. HP: 29/29 MP: 3/3
  1047 | D:2      | Identified a scroll of acquirement
  1047 | D:2      | Acquired the ring of Ziduph {rElec rPois rC- rCorr Str+4}
  1169 | D:2      | Reached skill level 1 in Dodging
  1259 | D:2      | Reached XP level 4. HP: 33/35 MP: 4/4
  1891 | D:3      | Reached skill level 3 in Axes
  2082 | D:3      | Reached XP level 5. HP: 36/42 MP: 5/5
  3076 | D:4      | Gained mutation: You have large cloven feet. [demonic
                  | ancestry]
  3076 | D:4      | Reached XP level 6. HP: 44/48 MP: 6/6
  3120 | D:4      | Reached skill level 4 in Axes
  3502 | D:4      | Gained mutation: You have hoof-like feet. [demonic
                  | ancestry]
  3502 | D:4      | Reached XP level 7. HP: 45/54 MP: 7/7
  3573 | D:4      | Found a bloodstained altar of Trog.
  3766 | D:4      | Reached skill level 5 in Axes
  4034 | D:5      | Entered Level 5 of the Dungeon
  4429 | D:5      | Reached skill level 6 in Axes
  4429 | D:5      | Reached skill level 1 in Stealth
  4438 | D:5      | Gained mutation: You are partially covered in thin metallic
                  | scales. (AC +2) [demonic ancestry]
  4438 | D:5      | Reached XP level 8. HP: 52/60 MP: 8/8
  4497 | D:5      | Noticed a kobold demonologist
  4508 | D:5      | Noticed a kobold demonologist
  4522 | D:5      | Noticed a smoke demon
  4524 | D:5      | Noticed a smoke demon
  4524 | D:5      | Killed a kobold demonologist
  4525 | D:5      | Reached skill level 7 in Axes
  4537 | D:5      | Noticed a hellwing
  4542 | D:5      | Killed a kobold demonologist
  4825 | D:5      | Reached skill level 5 in Fighting
  4930 | D:5      | Noticed Duvessa
  4937 | D:5      | Killed Duvessa
  4945 | D:5      | Noticed Dowan
  4967 | D:5      | Killed Dowan
  5124 | D:5      | Reached XP level 9. HP: 68/68 MP: 9/9
  5494 | D:6      | Noticed Menkaure
  5504 | D:6      | Killed Menkaure
  5505 | D:6      | Reached skill level 5 in Armour
  5505 | D:6      | Reached skill level 5 in Shields
  5835 | D:5      | Reached skill level 8 in Axes
  5842 | D:5      | Reached skill level 1 in Evocations
  6272 | D:6      | Noticed Pikel
  6289 | D:6      | Killed Pikel
  6402 | D:6      | Noticed Blork the orc
  6408 | D:6      | Killed Blork the orc
  6661 | D:6      | Upgraded the game from 0.29.0-4-gdea44cf6ec to
                  | 0.29.0-5-ge4962eb29e
  6845 | D:7      | Reached skill level 9 in Axes
  6928 | D:7      | Found an ancient bone altar of Kikubaaqudgha.
  7368 | D:7      | Found a runed translucent door.
  7369 | D:7      | Noticed Crazy Yiuf
  7373 | D:7      | Killed Crazy Yiuf
  7666 | D:7      | Reached XP level 10. HP: 63/76 MP: 10/10
  7859 | D:7      | Found a staircase to the Ecumenical Temple.
  7892 | Temple   | Entered the Ecumenical Temple
  7983 | Temple   | Became a worshipper of Qazlal Stormbringer
  8142 | D:8      | Found a flagged portal.
  8159 | Bailey   | Entered a bailey
  8510 | Bailey   | Reached * piety under Qazlal
  8986 | Bailey   | Noticed an orc knight
  8987 | Bailey   | Noticed an orc knight
  8994 | Bailey   | Killed an orc knight
  8995 | Bailey   | Reached skill level 10 in Axes
  9005 | Bailey   | Slain by an orc warrior

Illustrated notes

Levels and vault maps discovered:
D:1:      minmay_arrival_wavy_path, layout_basic
D:2:      layout_basic, nrook_mini_backslash
D:3:      layout_loops_cross, nicolae_elevator_lobby_plus
D:4:      layout_basic, mainiacjoe_overflow_24_doors
D:5:      layout_basic, st_stairs_1, uniq_duvessa
D:6:      layout_rooms, st_stairs_7, uniq_pikel, uniq_blork_the_orc,
          uniq_menkaure
D:7:      layout_basic, kiku_gazebo_pond_becter, minmay_temple_entry_fiery,
          serial_bayou, serial_bayou_lake_a, serial_bayou_pond_a,
          serial_bayou_pond_b, serial_bayou_shore_b, uniq_crazy_yiuf_cottage
D:8:      layout_cave_pods, enter_bailey_7, uniq_joseph
Temple:   mainiacjoe_temple_cubbyholes
Bailey:   bailey_polearm_2, bailey

Skill      XL: |  1  2  3  4  5  6  7  8  9 10 |
---------------+-------------------------------+-----
Armour         | 3 4 6 |  6.7
Axes           | 2 3 4 6 7 9 10 | 10.0
Dodging        | 1 |  1.7
Shields        | 3 4 6 |  6.4
Fighting       | 4 5 6 |  6.4
Stealth        | 1 2 |  2.3
Evocations     | 1 |  1.4

Action                   |  1- 3 |  4- 6 |  7- 9 | 10-12 || total
-------------------------+-------+-------+-------+-------++-------
Melee: War axe           |   102 |   167 |   254 |   121 ||   644
       Kick              |       |    17 |    78 |    34 ||   129
Evoke: Wand              |       |       |    12 |     7 ||    19
  Use: Scroll            |     2 |     7 |     2 |     2 ||    13
       Potion            |       |     2 |     3 |     2 ||     7
 Stab: Invisible         |       |       |     2 |       ||     2
       Paralysed         |       |       |     5 |     4 ||     9
Armor: Scale mail        |    42 |       |       |       ||    42
       Plate armour      |    25 |    97 |   163 |    79 ||   364
       Crystal plate arm |       |       |       |     6 ||     6
Dodge: Dodged            |    37 |    52 |    81 |    37 ||   207
Block: Buckler           |    30 |    69 |   113 |    91 ||   303
